 Dungeon Crawl Stone Soup version 0.21-a0-349-g0c35859 (webtiles) character file.

1685 tidbits the Charmwright (level 9, -5/69 HPs)
             Began as a Gnoll Skald on Oct 8, 2017.
             Was a Follower of Makhleb.
             Slain by a two-headed ogre
             ... wielding a +0 giant club
              (8 damage)
             ... on level 8 of the Dungeon.
             The game lasted 00:11:41 (1639 turns).

tidbits the Charmwright (Gnoll Skald)               Turns: 1639, Time: 00:11:41

Health: -5/69      AC:  7    Str: 14    XL:     9   Next: 2%
Magic:  5/18       EV: 14    Int: 18    God:    Makhleb [*.....]
Gold:   242        SH:  0    Dex: 15    Spells: 9/20 levels left

rFire    + . .     SeeInvis .   a - +0 war axe
rCold    + . .     Gourm    +   (no shield)
rNeg     . . .     Faith    .   B - +1 ring mail {rPois}
rPois    +         Spirit   .   (no helmet)
rElec    .         Reflect  .   F - scarf {rC+ rF+}
rCorr    +         Harm     .   (no gloves)
MR       .....                  (no boots)
Stlth    ++........             q - amulet of the gourmand
HPRegen  1.21/turn              K - ring of resist corrosion
MPRegen  0.16/turn              (no ring)

@: very slightly contaminated, regenerating, invisible
A: distributed training, fangs 1, strong nose
a: Renounce Religion


You were on level 8 of the Dungeon.
You worshipped Makhleb.
Makhleb was aware of your devotion.
You were hungry.

You visited 2 branches of the dungeon, and saw 9 of its levels.

You collected 242 gold pieces.

Inventory:

Hand Weapons
 a - a +0 war axe (weapon)
 j - a +0 flail
 n - a +0 hand axe
 y - a +1 dagger of venom
   (You found it on level 4 of the Dungeon)
 G - a +1 dagger of chaos
   (You took it off Psyche on level 8 of the Dungeon)
Missiles
 e - 9 sling bullets
 f - 5 javelins (quivered)
 g - 39 stones
 u - 62 arrows
Armour
 b - a +0 leather armour
 h - a +0 ring mail
 z - a +0 leather armour
 B - a +1 ring mail of poison resistance (worn)
   (You found it on level 2 of the Dungeon)
 F - a scarf of resistance (worn)
   (You found it on level 5 of the Dungeon)
 I - a +2 robe of cold resistance
   (You took it off Psyche on level 8 of the Dungeon)
Jewellery
 q - an amulet of the gourmand (around neck)
   (You took it off an orc on level 8 of the Dungeon)
 K - a ring of resist corrosion (left hand)
   (You found it on level 7 of the Dungeon)
Wands
 H - a wand of confusion (18/48)
Scrolls
 k - a scroll of fog {unknown}
 l - a scroll of noise {unknown}
 m - a scroll of fear {unknown}
 o - 2 scrolls of immolation
 r - 5 scrolls of remove curse
 s - 3 scrolls of teleportation
 v - a scroll of blinking {unknown}
 A - 2 scrolls of recharging {unknown}
 E - a scroll of summoning {unknown}
Potions
 x - a potion of flight {unknown}
 D - a potion of haste {unknown}
Books
 c - a book of Battle

   Spells                             Type                      Level
   a - Infusion                       Charms                       1
   b - Shroud of Golubria             Charms/Translocation         2
   c - Song of Slaying                Charms                       2
   d - Spectral Weapon                Hexes/Charms                 3
   e - Regeneration                   Charms/Necromancy            3
Comestibles
 d - 7 bread rations
 i - 5 royal jellies
 p - 6 chunks of flesh
 C - 3 fruits


   Skills:
 + Level 6.0 Fighting
 + Level 3.7 Short Blades
 + Level 3.7 Long Blades
 + Level 6.0 Axes
 + Level 3.7 Maces & Flails
 + Level 3.7 Polearms
 + Level 3.7 Staves
 + Level 3.7 Slings
 + Level 3.7 Bows
 + Level 3.7 Crossbows
 + Level 3.7 Throwing
 + Level 4.5 Armour
 + Level 6.0 Dodging
 + Level 3.7 Stealth
 + Level 3.7 Shields
 + Level 3.7 Unarmed Combat
 + Level 6.3 Spellcasting
 + Level 3.7 Conjurations
 + Level 3.7 Hexes
 + Level 7.6 Charms
 + Level 3.7 Summonings
 + Level 3.7 Necromancy
 + Level 3.7 Translocations
 + Level 3.7 Transmutations
 + Level 3.7 Fire Magic
 + Level 3.7 Ice Magic
 + Level 3.7 Air Magic
 + Level 3.7 Earth Magic
 + Level 3.7 Poison Magic
 + Level 3.7 Invocations
 + Level 3.7 Evocations


You had 9 spell levels left.
You knew the following spells:

 Your Spells              Type           Power        Failure   Level  Hunger
g - Shroud of Golubria    Chrm/Tloc      ####......   3%          2    None
i - Infusion              Chrm           ####         1%          1    None
r - Regeneration          Chrm/Necr      ####......   6%          3    ##.....
w - Spectral Weapon       Hex/Chrm       ####....     6%          3    ##.....
y - Song of Slaying       Chrm           ####....     1%          2    None


Dungeon Overview and Level Annotations

Branches:
Dungeon (8/15)             Temple (1/1) D:5
   Lair: D:8-11

Altars:
Fedhas
Hepliaklqana
Makhleb
Ru
Trog
Uskayaw
Vehumet
The Shining One

Annotations:
D:8 Joseph


Innate Abilities, Weirdness & Mutations

Your experience applies equally to all skills.
You have very sharp teeth.
Your uncanny sense of smell can sniff out nearby items.


Message History

Casting: Regeneration
Confirm with . or Enter, or press ? or * to list all spells.
You draw out your weapon's spirit!
You feel sick.
The two-headed ogre hits you with a giant club!
The two-headed ogre hits you with a dire flail of protection.
* * * LOW HITPOINT WARNING * * *
You hit the two-headed ogre.
The two-headed ogre is lightly wounded.
Your spectral weapon hits the two-headed ogre!
The two-headed ogre barely misses you. The two-headed ogre misses you.
An orc priest comes into view. It is wielding a short sword.
You slash the two-headed ogre!
The two-headed ogre is moderately wounded.
You feel sick.
Your spectral weapon hits the two-headed ogre!
The two-headed ogre hits your spectral weapon with a giant club!!
Your spectral weapon shares its damage with you!
Your spectral weapon fades away.
* * * LOW HITPOINT WARNING * * *
Casting: Spectral Weapon
Confirm with . or Enter, or press ? or * to list all spells.
You draw out your weapon's spirit!
The two-headed ogre misses the adder.
The two-headed ogre hits the adder with a dire flail of protection!
You hit the two-headed ogre.
The two-headed ogre is severely wounded.
You hear the brisk hiss of a distant avalanche of sand.
You feel sick.
Your spectral weapon hits the two-headed ogre.
The two-headed ogre hits your spectral weapon with a giant club!!
Your spectral weapon shares its damage with you!
Your spectral weapon fades away.
* * * LOW HITPOINT WARNING * * *
The two-headed ogre shouts in stereo!
Joseph, a Mercenary comes into view.
He is wielding a quarterstaff.
You hit the two-headed ogre but do no damage.
The two-headed ogre is severely wounded.
You hear a shout! x2
The two-headed ogre hits the adder with a giant club!!
The adder is killed!
Makhleb accepts your kill.
An orc wizard comes into view. It is wielding a dagger.
Casting: Spectral Weapon
Confirm with . or Enter, or press ? or * to list all spells.
Your skin crawls.
You are feeling hungry.
The two-headed ogre gestures wildly.
The two-headed ogre hits you with a giant club.
* * * LOW HITPOINT WARNING * * *
The two-headed ogre misses you.
An orc comes into view. It is wielding a trident.
Unknown command.
You hit the two-headed ogre but do no damage.
The two-headed ogre is severely wounded.
You feel sick.
An orc wizard comes into view. It is wielding a dagger.
The orc wizard shouts!
You hit the two-headed ogre.
The two-headed ogre is severely wounded.
You hear a shout! x2
The kobold shoots a poisoned needle.
The poisoned needle barely misses you.
The kobold shoots a poisoned needle.
The poisoned needle hits you!
The orc priest calls down the wrath of Beogh upon you.
Beogh smites you!
* * * LOW HITPOINT WARNING * * *
You see here a poisoned needle.
You catch the helpless two-headed ogre completely off-guard!
You hit the two-headed ogre.
The two-headed ogre is almost dead.
You feel sick.
The kobold shoots a poisoned needle.
The poisoned needle closely misses you.
You hit the two-headed ogre but do no damage.
The two-headed ogre is severely wounded.
The kobold shoots a poisoned needle.
The poisoned needle hits you!
You are more poisoned.
Unknown command.
You feel better.
The two-headed ogre seems less confused.
The two-headed ogre hits you with a giant club!
* * * LOW HITPOINT WARNING * * *
The two-headed ogre closely misses you.
The kobold shoots a poisoned needle.
The poisoned needle misses you.
The kobold shoots a poisoned needle.
The poisoned needle barely misses you.
It was a potion of invisibility.
You fade into invisibility!
The kobold shoots a poisoned needle.
The poisoned needle barely misses you. The two-headed ogre closely misses you.
The two-headed ogre misses you.
The kobold shoots a poisoned needle.
The poisoned needle closely misses you.
You are very lightly contaminated with residual magic.
You hit the two-headed ogre.
The two-headed ogre is almost dead.
The kobold shoots a poisoned needle.
The poisoned needle hits you! The two-headed ogre closely misses you.
The two-headed ogre hits you with a dire flail of protection.
* * * LOW HITPOINT WARNING * * *
You hit the two-headed ogre.
The two-headed ogre is almost dead.
The kobold shoots a poisoned needle.
The poisoned needle misses you. The two-headed ogre closely misses you.
The two-headed ogre hits you with a dire flail of protection!
You die...

# ...# ..... #. ...# ..#
#.### .###. #.. ...# #.##
...... #O# ...######..#
......##.# ..........<##
.......oo######..#####....##
......o@K†K.K..)(... #.#....
....#.>####(O...####.. ###..
. #.. #@....# ## .... #..
#(....# .........
#..#####....#. #.####.#.
#..#........#.##.# #.#.
#.##...†.......#.# #.#. #.
#......(..#...####.#.
#.......#.###.. ...##
######......##..#..####.##
#...##....................


You could see a two-headed ogre and 2 kobolds.

Vanquished Creatures
  The ghost of tidbits the Magician, a novice GnWn of Makhleb (D:8)
  Psyche (D:8)
  A hippogriff (D:8)
  A spriggan (D:7)
  A hungry ghost (D:5)
  2 steam dragons (D:8)
  A bullfrog (D:8)
  A centaur zombie (D:8)
  A crimson imp (D:8)
  A hound (D:7)
  A bullfrog zombie (D:3)
  A bullfrog skeleton (D:4)
  An orc priest (D:8)
  A jelly (D:5)
  2 orc wizards
  An iguana (D:4)
  3 worker ants
  2 worker ant zombies (D:5)
  A gnoll (D:1)
  4 adders (D:8)
  A shadow imp (D:8)
  2 oozes
  2 worms (D:5)
  A leopard gecko (D:5)
  10 orcs
  3 giant cockroaches
  5 hobgoblins
  4 jackals (D:2)
  5 bats
  2 frilled lizards (D:2)
  5 goblins
  3 kobolds
  A leopard gecko zombie (D:5)
  2 rats
  2 spectral weapons (D:8)
76 creatures vanquished.

Notes
Turn   | Place    | Note
-------+----------+-------------------------------------------
     0 | D:1      | tidbits the Gnoll Skald began the quest for the Orb.
     0 | D:1      | Reached XP level 1. HP: 20/20 MP: 6/6
    31 | D:1      | Reached XP level 2. HP: 25/26 MP: 2/7
   111 | D:1      | Reached XP level 3. HP: 22/31 MP: 9/9
   266 | D:2      | Learned a level 2 spell: Song of Slaying
   269 | D:2      | Learned a level 2 spell: Shroud of Golubria
   273 | D:2      | Learned a level 3 spell: Regeneration
   277 | D:2      | Learned a level 3 spell: Spectral Weapon
   323 | D:2      | Reached skill level 5 in Spellcasting
   436 | D:2      | Found a hazy altar of Hepliaklqana.
   566 | D:3      | Reached skill level 1 in Short Blades
   566 | D:3      | Reached skill level 1 in Long Blades
   566 | D:3      | Reached skill level 1 in Maces & Flails
   566 | D:3      | Reached skill level 1 in Polearms
   566 | D:3      | Reached skill level 1 in Staves
   566 | D:3      | Reached skill level 1 in Slings
   566 | D:3      | Reached skill level 1 in Bows
   566 | D:3      | Reached skill level 1 in Crossbows
   566 | D:3      | Reached skill level 1 in Throwing
   566 | D:3      | Reached skill level 1 in Stealth
   566 | D:3      | Reached skill level 1 in Shields
   566 | D:3      | Reached skill level 1 in Unarmed Combat
   566 | D:3      | Reached skill level 1 in Conjurations
   566 | D:3      | Reached skill level 1 in Hexes
   566 | D:3      | Reached skill level 1 in Summonings
   566 | D:3      | Reached skill level 1 in Necromancy
   566 | D:3      | Reached skill level 1 in Translocations
   566 | D:3      | Reached skill level 1 in Transmutations
   566 | D:3      | Reached skill level 1 in Fire Magic
   566 | D:3      | Reached skill level 1 in Ice Magic
   566 | D:3      | Reached skill level 1 in Air Magic
   566 | D:3      | Reached skill level 1 in Earth Magic
   566 | D:3      | Reached skill level 1 in Poison Magic
   566 | D:3      | Reached skill level 1 in Invocations
   566 | D:3      | Reached skill level 1 in Evocations
   566 | D:3      | Reached XP level 4. HP: 38/38 MP: 7/11
   665 | D:4      | Reached XP level 5. HP: 31/43 MP: 7/12
   666 | D:4      | Reached skill level 3 in Armour
   694 | D:4      | Found a bloodstained altar of Trog.
   728 | D:4      | Found a glowing golden altar of the Shining One.
   775 | D:5      | Entered Level 5 of the Dungeon
   781 | D:5      | Found a staircase to the Ecumenical Temple.
   799 | D:5      | Reached XP level 6. HP: 41/50 MP: 8/13
   805 | Temple   | Entered the Ecumenical Temple
   823 | Temple   | Became a worshipper of Makhleb the Destroyer
   876 | D:5      | Noticed a hungry ghost
   890 | D:5      | Killed a hungry ghost
   890 | D:5      | Reached skill level 5 in Fighting
   890 | D:5      | Reached skill level 2 in Short Blades
   890 | D:5      | Reached skill level 2 in Long Blades
   890 | D:5      | Reached skill level 5 in Axes
   890 | D:5      | Reached skill level 2 in Maces & Flails
   890 | D:5      | Reached skill level 2 in Polearms
   890 | D:5      | Reached skill level 2 in Staves
   890 | D:5      | Reached skill level 2 in Slings
   890 | D:5      | Reached skill level 2 in Bows
   890 | D:5      | Reached skill level 2 in Crossbows
   890 | D:5      | Reached skill level 2 in Throwing
   890 | D:5      | Reached skill level 5 in Dodging
   890 | D:5      | Reached skill level 2 in Stealth
   890 | D:5      | Reached skill level 2 in Shields
   890 | D:5      | Reached skill level 2 in Unarmed Combat
   890 | D:5      | Reached skill level 2 in Conjurations
   890 | D:5      | Reached skill level 2 in Hexes
   890 | D:5      | Reached skill level 2 in Summonings
   890 | D:5      | Reached skill level 2 in Necromancy
   890 | D:5      | Reached skill level 2 in Translocations
   890 | D:5      | Reached skill level 2 in Transmutations
   890 | D:5      | Reached skill level 2 in Fire Magic
   890 | D:5      | Reached skill level 2 in Ice Magic
   890 | D:5      | Reached skill level 2 in Air Magic
   890 | D:5      | Reached skill level 2 in Earth Magic
   890 | D:5      | Reached skill level 2 in Poison Magic
   890 | D:5      | Reached skill level 2 in Invocations
   890 | D:5      | Reached skill level 2 in Evocations
   937 | D:5      | Found a hide-covered altar of Uskayaw.
  1181 | D:5      | Found the +3 giant club "Skullcrusher" {speed, Str+7}
  1250 | D:7      | Reached XP level 7. HP: 47/56 MP: 11/15
  1289 | D:7      | Noticed a spriggan baker
  1303 | D:7      | Killed a spriggan baker
  1303 | D:7      | Reached skill level 7 in Charms
  1362 | D:8      | Noticed a steam dragon
  1363 | D:8      | Noticed tidbits's ghost (novice GnWn)
  1383 | D:8      | Noticed a steam dragon
  1400 | D:8      | Killed a steam dragon
  1406 | D:8      | Killed tidbits's ghost
  1406 | D:8      | Reached XP level 8. HP: 28/63 MP: 10/16
  1408 | D:8      | Reached skill level 3 in Short Blades
  1408 | D:8      | Reached skill level 3 in Long Blades
  1408 | D:8      | Reached skill level 3 in Maces & Flails
  1408 | D:8      | Reached skill level 3 in Polearms
  1408 | D:8      | Reached skill level 3 in Staves
  1408 | D:8      | Reached skill level 3 in Slings
  1408 | D:8      | Reached skill level 3 in Bows
  1408 | D:8      | Reached skill level 3 in Crossbows
  1408 | D:8      | Reached skill level 3 in Throwing
  1408 | D:8      | Reached skill level 4 in Armour
  1408 | D:8      | Reached skill level 3 in Stealth
  1408 | D:8      | Reached skill level 3 in Shields
  1408 | D:8      | Reached skill level 3 in Unarmed Combat
  1408 | D:8      | Reached skill level 3 in Conjurations
  1408 | D:8      | Reached skill level 3 in Hexes
  1408 | D:8      | Reached skill level 3 in Summonings
  1408 | D:8      | Reached skill level 3 in Necromancy
  1408 | D:8      | Reached skill level 3 in Translocations
  1408 | D:8      | Reached skill level 3 in Transmutations
  1408 | D:8      | Reached skill level 3 in Fire Magic
  1408 | D:8      | Reached skill level 3 in Ice Magic
  1408 | D:8      | Reached skill level 3 in Air Magic
  1408 | D:8      | Reached skill level 3 in Earth Magic
  1408 | D:8      | Reached skill level 3 in Poison Magic
  1408 | D:8      | Reached skill level 3 in Invocations
  1408 | D:8      | Reached skill level 3 in Evocations
  1444 | D:8      | Noticed a hippogriff
  1460 | D:8      | Killed a hippogriff
  1460 | D:8      | Reached skill level 6 in Spellcasting
  1502 | D:8      | Reached * piety under Makhleb
  1557 | D:8      | Noticed Psyche
  1569 | D:8      | Killed Psyche
  1601 | D:8      | Reached XP level 9. HP: 45/69 MP: 8/18
  1606 | D:8      | Reached skill level 6 in Fighting
  1606 | D:8      | Reached skill level 6 in Axes
  1606 | D:8      | Reached skill level 6 in Dodging
  1612 | D:8      | Noticed a two-headed ogre
  1628 | D:8      | Noticed Joseph
  1632 | D:8      | HP: 5/69 [orc priest/divine providence (12)]
  1638 | D:8      | HP: 2/69 [two-headed ogre/giant club (6)]
  1639 | D:8      | Slain by a two-headed ogre

Vault maps used:
D:1:      saegor_arrival_simple_f, minmay_split_cup_large
D:2:      lemuel_round_altar
D:4:      bloody_trog, first_bread, hangedman_decor_diamond_cutter,
          minmay_misc_feat_chi, minivault_5, tso_metal_star
D:5:      eat_drink_and_be_merry_uskayaw, minmay_temple_entry_trees
D:6:      kennysheep_mini, nicolae_overflow_crystal_walls,
          evilmike_ruin_ashenzari
D:7:      the_bakery
D:8:      cheibrodos_steamvent, enter_ossuary_5, fedhas_altar_3, uniq_psyche,
          uniq_joseph
Temple:   jpeg_temple_clearing

Skill      XL: |  1  2  3  4  5  6  7  8  9 |
---------------+----------------------------+-----
Spellcasting   | 5 6 |  6.3
Short Blades   | 1 2 3 |  3.7
Long Blades    | 1 2 3 |  3.7
Maces & Flails | 1 2 3 |  3.7
Polearms       | 1 2 3 |  3.7
Staves         | 1 2 3 |  3.7
Slings         | 1 2 3 |  3.7
Bows           | 1 2 3 |  3.7
Crossbows      | 1 2 3 |  3.7
Throwing       | 1 2 3 |  3.7
Stealth        | 1 2 3 |  3.7
Shields        | 1 2 3 |  3.7
Unarmed Combat | 1 2 3 |  3.7
Conjurations   | 1 2 3 |  3.7
Hexes          | 1 2 3 |  3.7
Summonings     | 1 2 3 |  3.7
Necromancy     | 1 2 3 |  3.7
Translocations | 1 2 3 |  3.7
Transmutations | 1 2 3 |  3.7
Fire Magic     | 1 2 3 |  3.7
Ice Magic      | 1 2 3 |  3.7
Air Magic      | 1 2 3 |  3.7
Earth Magic    | 1 2 3 |  3.7
Poison Magic   | 1 2 3 |  3.7
Invocations    | 1 2 3 |  3.7
Evocations     | 1 2 3 |  3.7
Armour         | 3 4 |  4.5
Fighting       | 5 6 |  6.0
Axes           | 5 6 |  6.0
Dodging        | 5 6 |  6.0
Charms         | 7 |  7.6

Action                   |  1- 3 |  4- 6 |  7- 9 || total
-------------------------+-------+-------+-------++-------
Melee: Hand axe          |    89 |    82 |    78 ||   249
       Bite              |     7 |    11 |    11 ||    29
       Punch             |       |     1 |     1 ||     2
       War axe           |       |       |    28 ||    28
Throw: Javelin           |     4 |       |       ||     4
 Cast: Infusion          |     4 |       |       ||     4
       Spectral Weapon   |     4 |    10 |    11 ||    25
       Regeneration      |       |     3 |     6 ||     9
       Shroud of Golubri |       |     1 |       ||     1
Evoke: Wand              |       |       |     5 ||     5
  Use: Scroll            |       |     1 |     3 ||     4
       Potion            |       |       |     5 ||     5
 Stab: Distracted        |       |     2 |     1 ||     3
       Confused          |       |       |     1 ||     1
  Eat: Meat ration       |       |     1 |       ||     1
       Chunk             |       |     1 |       ||     1
Armor: Leather armour    |     8 |       |       ||     8
       Ring mail         |    33 |    20 |    22 ||    75
       Skin              |       |       |    63 ||    63
Dodge: Dodged            |    88 |    50 |    65 ||   203

Table legend:
 A = Spawn XP
 B = Non-spawn XP
 C = Spawn XP percentage of total XP
 D = Spawn monster count
 E = Non-spawn monster count
 F = Spawn count percentage of total count
 G = Total turns spent on level
                    A         B        C        D         E        F      G
               +---------+---------+-------+---------+---------+-------+---------
         Total |       0 |    2408 |   0.0 |       0 |      74 |   0.0 |  1639
               +---------+---------+-------+---------+---------+-------+---------
           D:1 |       0 |      34 |   0.0 |       0 |      10 |   0.0 |   241
           D:2 |       0 |      36 |   0.0 |       0 |      21 |   0.0 |   294
           D:3 |       0 |      44 |   0.0 |       0 |       1 |   0.0 |    61
           D:4 |       0 |     119 |   0.0 |       0 |       4 |   0.0 |   179
           D:5 |       0 |     368 |   0.0 |       0 |      15 |   0.0 |   414
           D:7 |       0 |     272 |   0.0 |       0 |       3 |   0.0 |    98
           D:8 |       0 |    1535 |   0.0 |       0 |      20 |   0.0 |   303
               +---------+---------+-------+---------+---------+-------+---------

Table legend:
 A = Turns spent in this place as a percentage of turns spent in the entire game.
 B = Non-inter-level travel turns spent in this place as a percentage of non-inter-level travel turns spent in the entire game.
 C = Inter-level travel turns spent in this place as a percentage of turns spent in this place.
 D = Turns resting spent in this place as a percentage of non-inter-level travel turns spent in this place.
 E = Turns spent auto-exploring this place as a percentage of non-inter-level travel turns spent in this place.
 F = Non-inter-level travel turns spent in this place divided by the number of levels of this place that you've seen.
                   A       B       C       D       E      F
               +-------+-------+-------+-------+-------+----------------------
         Total | 100.0 | 100.0 |   4.0 |   0.0 |   0.0 | 174.8
       Dungeon |  97.9 |  98.7 |   3.2 |   0.0 |   0.0 | 194.1
        Temple |   2.1 |   1.3 |  42.9 |   0.0 |   0.0 |  20.0
               +-------+-------+-------+-------+-------+----------------------

Table legend:
 A = Kills in this place as a percentage of kills in entire the game.
 B = Kills by you in this place as a percentage of kills by you in the entire game.
 C = Kills by friends in this place as a percentage of kills by friends in the entire game.
 D = Other kills in this place as a percentage of other kills in the entire game.
 E = Experience gained in this place as a percentage of experience gained in the entire game.
 F = Experience gained in this place divided by the number of levels of this place that you have seen.
                   A       B       C       D       E      F
               +-------+-------+-------+-------+-------+----------------------
         Total | 100.0 | 100.0 |   N/A | 100.0 | 100.0 | 267.6
       Dungeon | 100.0 | 100.0 |   N/A | 100.0 | 100.0 | 301.0
               +-------+-------+-------+-------+-------+----------------------

Vault maps used:
D:1:      saegor_arrival_simple_f, minmay_split_cup_large
D:2:      lemuel_round_altar
D:4:      bloody_trog, first_bread, hangedman_decor_diamond_cutter,
          minmay_misc_feat_chi, minivault_5, tso_metal_star
D:5:      eat_drink_and_be_merry_uskayaw, minmay_temple_entry_trees
D:6:      kennysheep_mini, nicolae_overflow_crystal_walls,
          evilmike_ruin_ashenzari
D:7:      the_bakery
D:8:      cheibrodos_steamvent, enter_ossuary_5, fedhas_altar_3, uniq_psyche,
          uniq_joseph
Temple:   jpeg_temple_clearing
